SAAA
BAGLEY LOONS @ NAPERVILLE BATTLEKINGS
08/06/2017
 
TOP OF THE 1ST
Bagley Loons batting - Pitching for Naperville Battlekings : LHP Jim Unknown
Pitching: LHP Jim Unknown
Batting: LHB Warren O'Herlihy 0-0: Foul Ball, location: 2F
0-1: SOLO HOME RUN (Flyball, 78XD), Distance : 419 ft
Batting: LHB Lawrence Washington 0-0: Ball
1-0: Called Strike
1-1: Ground out 6-3 (Groundball, 6M)
Batting: SHB Javier Gómez 0-0: SINGLE (Line Drive, 34D)
Batting: LHB Rafael García 0-0: Fly out, F8 (Flyball, 8RM)
Batting: RHB Edward Baker 0-0: Swinging Strike
0-1: Ball
1-1: Foul Ball, location: 2F
1-2: Strikes out swinging
Top of the 1st over - 1 run(s), 2 hit(s), 0 error(s), 1 left on base; Bagley 1 - Naperville 0
BOTTOM OF THE 1ST
Naperville Battlekings batting - Pitching for Bagley Loons : RHP Luis Ruíz
Pitching: RHP Luis Ruíz
Batting: RHB John Farrell 0-0: Ground out 6-3 (Groundball, 6)
Batting: RHB Wayne Bannatyne 0-0: Called Strike
0-1: Ground out 6-3 (Groundball, 6)
Batting: LHB Cristo Ramírez 0-0: SOLO HOME RUN (Flyball, 8RXD), Distance : 430 ft
Batting: RHB Alfredo López 0-0: Ball
1-0: Called Strike
1-1: Called Strike
1-2: SOLO HOME RUN (Line Drive, 7LD), Distance : 340 ft
Batting: RHB Tony Sánchez 0-0: Called Strike
0-1: Ball
1-1: Foul Ball, location: 2F
1-2: Ball
2-2: SOLO HOME RUN (Flyball, 7D), Distance : 377 ft
Batting: RHB Joe Ferneyhough 0-0: Ball
1-0: Called Strike
1-1: Ball
2-1: Ball
3-1: Base on Balls
Batting: LHB Jack Mason 0-0: 2-RUN HOME RUN (Flyball, 9D), Distance : 374 ft
Batting: RHB Jim Unknown 0-0: Swinging Strike
0-1: Foul Ball, location: 2F
0-2: Ball
1-2: Hit by Pitch
Batting: LHB Jim Unknown 0-0: Called Strike
0-1: SINGLE (Line Drive, 34)
Jim Unknown to second
Batting: RHB John Farrell 0-0: Ball
1-0: Called Strike
1-1: Ball
2-1: Foul Ball, location: 2F
2-2: Ball
3-2: Strikes out swinging
Bottom of the 1st over - 5 run(s), 5 hit(s), 0 error(s), 2 left on base; Bagley 1 - Naperville 5
TOP OF THE 2ND
Bagley Loons batting - Pitching for Naperville Battlekings : LHP Jim Unknown
Batting: RHB Luis Sáenz 0-0: Ball
1-0: Foul Ball, location: 2F
1-1: Fly out, F2 (Popup, 2LF)
Batting: RHB Walton Stephens 0-0: Ground out 6-3 (Groundball, 6)
Batting: SHB Roland Meade 0-0: Foul Ball, location: 2F
0-1: Ball
1-1: Ball
2-1: Ground out 6-3 (Groundball, 6M)
Top of the 2nd over - 0 run(s), 0 hit(s), 0 error(s), 0 left on base; Bagley 1 - Naperville 5
BOTTOM OF THE 2ND
Naperville Battlekings batting - Pitching for Bagley Loons : RHP Luis Ruíz
Batting: RHB Wayne Bannatyne 0-0: Swinging Strike
0-1: SOLO HOME RUN (Flyball, 78XD), Distance : 419 ft
Batting: LHB Cristo Ramírez 0-0: Ball
1-0: Ball
2-0: Fly out, F7 (Flyball, 7S)
Batting: RHB Alfredo López 0-0: Ball
1-0: Ground out 4-3 (Groundball, 4)
Batting: RHB Tony Sánchez 0-0: Foul Ball, location: 2F
0-1: Ground out 6-3 (Groundball, 6)
Bottom of the 2nd over - 1 run(s), 1 hit(s), 0 error(s), 0 left on base; Bagley 1 - Naperville 6
TOP OF THE 3RD
Bagley Loons batting - Pitching for Naperville Battlekings : LHP Jim Unknown
Batting: RHB Lorenzo Sánchez 0-0: Foul Ball, location: 2F
0-1: Ball
1-1: Fly out, F8 (Flyball, 8LM)
Batting: LHB Warren O'Herlihy 0-0: Ball
1-0: Called Strike
1-1: Ball
2-1: Ball
3-1: Base on Balls
Batting: LHB Lawrence Washington 0-0: Foul Ball, location: 2F
0-1: DOUBLE (Line Drive, 9LS)
Warren O'Herlihy to third
Runner from 3rd tries for Home, SAFE, throw made home
Batting: SHB Javier Gómez 0-0: Called Strike
0-1: Swinging Strike
0-2: Ball
1-2: Foul Ball, location: 2F
1-2: Ball
2-2: Fly out, F8 (Flyball, 8LM)
Batting: LHB Rafael García 0-0: Called Strike
0-1: Foul Ball, location: 2F
0-2: Ball
1-2: Ground out 4-3 (Groundball, 4)
Top of the 3rd over - 1 run(s), 1 hit(s), 0 error(s), 1 left on base; Bagley 2 - Naperville 6
BOTTOM OF THE 3RD
Naperville Battlekings batting - Pitching for Bagley Loons : RHP Luis Ruíz
Batting: RHB Joe Ferneyhough 0-0: Called Strike
0-1: Ground out 4-3 (Groundball, 34D)
Batting: LHB Jack Mason 0-0: Foul Ball, location: 2F
0-1: DOUBLE (Flyball, 8LM)
Batting: RHB Jim Unknown 0-0: Called Strike
0-1: SINGLE (Groundball, 5D)
Jack Mason to third
Runner from 3rd tries for Home, SAFE, throw made home
Jim Unknown to second
Pitching: LHP Aurelio Martínez
Batting: LHB Jim Unknown 0-0: Called Strike
0-1: Ball
1-1: DOUBLE (Line Drive, 78M)
Jim Unknown scores
Batting: RHB John Farrell 0-0: Ball
1-0: Called Strike
1-1: Ball
2-1: Swinging Strike
2-2: Ball
3-2: Base on Balls
Batting: RHB Wayne Bannatyne 0-0: Ball
1-0: Fly out, F9 (Flyball, 9LMF)
Batting: LHB Cristo Ramírez 0-0: Ball
1-0: Called Strike
1-1: Ball
2-1: Ball
3-1: Base on Balls
Jim Unknown to third
John Farrell to second
Batting: RHB Alfredo López 0-0: Foul Ball, location: 2F
0-1: Ball
1-1: Called Strike
1-2: Strikes out swinging
Bottom of the 3rd over - 2 run(s), 3 hit(s), 0 error(s), 3 left on base; Bagley 2 - Naperville 8
TOP OF THE 4TH
Bagley Loons batting - Pitching for Naperville Battlekings : LHP Jim Unknown
Batting: RHB Edward Baker 0-0: Swinging Strike
0-1: Called Strike
0-2: Strikes out swinging
Batting: RHB Luis Sáenz 0-0: Foul Ball, location: 2F
0-1: Foul Ball, location: 2F
0-2: Foul Ball, location: 2F
0-2: Ball
1-2: Strikes out swinging
Batting: RHB Walton Stephens 0-0: Ball
1-0: SINGLE (Groundball, 25) (infield hit)
Batting: SHB Roland Meade 0-0: Called Strike
0-1: Ground out 4-3 (Groundball, 13)
Top of the 4th over - 0 run(s), 1 hit(s), 0 error(s), 1 left on base; Bagley 2 - Naperville 8
BOTTOM OF THE 4TH
Naperville Battlekings batting - Pitching for Bagley Loons : LHP Aurelio Martínez
Batting: RHB Tony Sánchez 0-0: Ball
1-0: Ball
2-0: Called Strike
2-1: Ground out 6-3 (Groundball, 6)
Batting: RHB Joe Ferneyhough 0-0: Ball
1-0: Foul Ball, location: 2F
1-1: Ball
2-1: Called Strike
2-2: Strikes out swinging
Batting: LHB Jack Mason 0-0: Ball
1-0: Ball
2-0: Called Strike
2-1: Swinging Strike
2-2: Foul Ball, location: 2F
2-2: Foul Ball, location: 2F
2-2: Foul Ball, location: 2F
2-2: Ball
3-2: Strikes out looking
Bottom of the 4th over - 0 run(s), 0 hit(s), 0 error(s), 0 left on base; Bagley 2 - Naperville 8
TOP OF THE 5TH
Bagley Loons batting - Pitching for Naperville Battlekings : LHP Jim Unknown
Batting: RHB Lorenzo Sánchez 0-0: Called Strike
0-1: Ground out 5-3 (Groundball, 56)
Batting: LHB Warren O'Herlihy 0-0: Called Strike
0-1: Ball
1-1: Ball
2-1: Foul Ball, location: 2F
2-2: Foul Ball, location: 2F
2-2: SINGLE (Line Drive, 78S)
Batting: LHB Lawrence Washington 0-0: Ball
Warren O'Herlihy steals 2nd base
1-0: Called Strike
1-1: Ball
2-1: Foul Ball, location: 2F
2-2: Foul Ball, location: 2F
2-2: Ground out 4-3 (Groundball, 4)
Warren O'Herlihy to third
Batting: SHB Javier Gómez 0-0: Ball
1-0: Ball
2-0: Foul Ball, location: 2F
2-1: Foul Ball, location: 2F
2-2: DOUBLE (Flyball, 78XD)
Warren O'Herlihy scores
Batting: LHB Rafael García 0-0: Swinging Strike
0-1: Ground out 5-3 (Groundball, 56)
Top of the 5th over - 1 run(s), 2 hit(s), 0 error(s), 1 left on base; Bagley 3 - Naperville 8
BOTTOM OF THE 5TH
Naperville Battlekings batting - Pitching for Bagley Loons : LHP Aurelio Martínez
Pitching: LHP Manuel Martínez
Batting: RHB Jim Unknown 0-0: Ball
1-0: Called Strike
1-1: Foul Ball, location: 2F
1-2: Ball
2-2: Strikes out looking
Batting: LHB Jim Unknown 0-0: DOUBLE (Line Drive, 8LM)
Batting: RHB John Farrell 0-0: Swinging Strike
0-1: Ball
1-1: Called Strike
1-2: Foul Ball, location: 2F
1-2: Foul Ball, location: 2F
1-2: Strikes out swinging
Batting: RHB Wayne Bannatyne 0-0: Ball
1-0: Called Strike
1-1: Ball
Wild Pitch!
Jim Unknown to third
2-1: Ball
3-1: Called Strike
3-2: Foul Ball, location: 2F
3-2: Foul Ball, location: 2F
3-2: Foul Ball, location: 2F
3-2: SINGLE (Line Drive, 8RS)
Jim Unknown scores
Batting: LHB Cristo Ramírez 0-0: Ground out 6-3 (Groundball, 6)
Bottom of the 5th over - 1 run(s), 2 hit(s), 0 error(s), 1 left on base; Bagley 3 - Naperville 9
TOP OF THE 6TH
Bagley Loons batting - Pitching for Naperville Battlekings : LHP Jim Unknown
Batting: RHB Edward Baker 0-0: Fly out, F4 (Popup, 4D)
Batting: RHB Luis Sáenz 0-0: Ball
1-0: Ball
2-0: Ball
3-0: Called Strike
3-1: Called Strike
3-2: SOLO HOME RUN (Line Drive, 7D), Distance : 376 ft
Batting: RHB Walton Stephens 0-0: Foul Ball, location: 2F
0-1: Foul Ball, location: 2F
0-2: Ball
1-2: Ball
2-2: Ball
3-2: Base on Balls
Batting: SHB Roland Meade 0-0: Ball
1-0: Called Strike
1-1: Ball
2-1: Ball
3-1: Foul Ball, location: 2F
3-2: DOUBLE (Line Drive, 5D)
Walton Stephens to third
Batting: RHB Lorenzo Sánchez 0-0: SINGLE (Groundball, 4MD)
Walton Stephens scores
Roland Meade to third
Pitching: RHP Jim Unknown
Batting: LHB Warren O'Herlihy 0-0: Ball
1-0: Ball
2-0: Foul Ball, location: 2F
2-1: Foul Ball, location: 2F
2-2: Ball
3-2: Strikes out swinging
Batting: LHB Lawrence Washington 0-0: Foul Ball, location: 2F
0-1: Called Strike
Balk!
Roland Meade scores
Lorenzo Sánchez to second
0-2: Ball
1-2: Ball
2-2: Strikes out swinging
Top of the 6th over - 3 run(s), 3 hit(s), 0 error(s), 1 left on base; Bagley 6 - Naperville 9
BOTTOM OF THE 6TH
Naperville Battlekings batting - Pitching for Bagley Loons : LHP Manuel Martínez
Batting: RHB Alfredo López 0-0: Fly out, F9 (Flyball, 9D)
Batting: RHB Tony Sánchez 0-0: Ball
1-0: Foul Ball, location: 2F
1-1: Fly out, F6 (Line Drive, 56)
Batting: RHB Joe Ferneyhough 0-0: Ball
1-0: Called Strike
1-1: Ball
2-1: Ball
3-1: Called Strike
3-2: Ground out 1-3 (Groundball, 15)
Bottom of the 6th over - 0 run(s), 0 hit(s), 0 error(s), 0 left on base; Bagley 6 - Naperville 9
TOP OF THE 7TH
Bagley Loons batting - Pitching for Naperville Battlekings : RHP Jim Unknown
Batting: SHB Javier Gómez 0-0: Called Strike
0-1: Ball
1-1: Ball
2-1: Ball
3-1: Fly out, F8 (Flyball, 8LXD)
Batting: LHB Rafael García 0-0: Ball
1-0: Called Strike
1-1: Ball
2-1: Ground out 4-3 (Groundball, 4)
Batting: RHB Edward Baker 0-0: Ball
1-0: Ball
2-0: Ball
3-0: Called Strike
3-1: Fly out, F6 (Popup, 6)
Top of the 7th over - 0 run(s), 0 hit(s), 0 error(s), 0 left on base; Bagley 6 - Naperville 9
BOTTOM OF THE 7TH
Naperville Battlekings batting - Pitching for Bagley Loons : LHP Manuel Martínez
Batting: LHB Jack Mason 0-0: Called Strike
0-1: Ball
1-1: Ground out 6-3 (Groundball, 6)
Batting: RHB Jim Unknown 0-0: Ball
1-0: Ball
2-0: Called Strike
2-1: Swinging Strike
2-2: DOUBLE (Flyball, 89D)
Pitching: RHP Rod Bakewell
Batting: LHB Jim Unknown 0-0: Intentional Walk
Batting: RHB John Farrell 0-0: Fly out, F9 (Flyball, 9M)
Batting: RHB Wayne Bannatyne 0-0: Called Strike
0-1: Ball
1-1: Ball
2-1: Ball
3-1: Base on Balls
Jim Unknown to third
Jim Unknown to second
Batting: LHB Cristo Ramírez 0-0: Ball
1-0: Fly out, F9 (Flyball, 9LD)
Bottom of the 7th over - 0 run(s), 1 hit(s), 0 error(s), 3 left on base; Bagley 6 - Naperville 9
TOP OF THE 8TH
Bagley Loons batting - Pitching for Naperville Battlekings : RHP Jim Unknown
Batting: RHB Luis Sáenz 0-0: Swinging Strike
0-1: Swinging Strike
0-2: Foul Ball, location: 2F
0-2: Ball
1-2: Strikes out looking
Pitching: RHP Jim Unknown
Batting: RHB Walton Stephens 0-0: Ball
1-0: Fly out, F7 (Flyball, 7M)
Batting: SHB Roland Meade 0-0: Called Strike
0-1: Foul Ball, location: 2F
0-2: Foul Ball, location: 2F
0-2: Strikes out looking
Top of the 8th over - 0 run(s), 0 hit(s), 0 error(s), 0 left on base; Bagley 6 - Naperville 9
BOTTOM OF THE 8TH
Naperville Battlekings batting - Pitching for Bagley Loons : RHP Rod Bakewell
Batting: RHB Alfredo López 0-0: Ball
1-0: Foul Ball, location: 2F
1-1: Fly out, F4 (Popup, 4M)
Batting: RHB Tony Sánchez 0-0: Ball
1-0: Foul Ball, location: 2F
1-1: Ball
2-1: Foul Ball, location: 2F
2-2: Foul Ball, location: 2F
2-2: Ball
3-2: Base on Balls
Batting: RHB Joe Ferneyhough 0-0: Ball
1-0: Ball
2-0: Foul Ball, location: 2F
2-1: Foul Ball, location: 2F
2-2: Ball
3-2: Foul Ball, location: 2F
3-2: Base on Balls
Tony Sánchez to second
Pitching: RHP Jeremy Gutiérrez
Batting: LHB Jack Mason 0-0: Called Strike
0-1: Foul Ball, location: 2F
0-2: Foul Ball, location: 2F
0-2: Strikes out looking
Batting: RHB Jim Unknown 0-0: Ball
1-0: Called Strike
1-1: Foul Ball, location: 2F
1-2: Foul Ball, location: 2F
1-2: Ball
2-2: Ball
3-2: Base on Balls
Tony Sánchez to third
Joe Ferneyhough to second
Batting: LHB Jim Unknown 0-0: Ball
1-0: Called Strike
1-1: Foul Ball, location: 2F
1-2: Strikes out swinging
Bottom of the 8th over - 0 run(s), 0 hit(s), 0 error(s), 3 left on base; Bagley 6 - Naperville 9
TOP OF THE 9TH
Bagley Loons batting - Pitching for Naperville Battlekings : RHP Jim Unknown
Batting: RHB Lorenzo Sánchez 0-0: Ball
1-0: Foul Ball, location: 2F
1-1: Called Strike
1-2: SINGLE (Groundball, 56D)
Batting: LHB Warren O'Herlihy 0-0: Called Strike
0-1: 2-RUN HOME RUN (Flyball, 9LD), Distance : 358 ft
Pitching: RHP Jim Unknown
Batting: LHB Lawrence Washington 0-0: Swinging Strike
0-1: Ball
1-1: Foul Ball, location: 2F
1-2: SINGLE (Line Drive, 6MD)
Batting: SHB Javier Gómez 0-0: Swinging Strike
0-1: DOUBLE (Line Drive, 7LD)
Lawrence Washington to third
Batting: LHB Rafael García 0-0: Foul Ball, location: 2F
0-1: Called Strike
0-2: Ball
1-2: Strikes out swinging
Batting: RHB Edward Baker 0-0: Called Strike
0-1: Foul Ball, location: 2F
0-2: SINGLE (Groundball, 56D)
Lawrence Washington scores
Javier Gómez to third
Batting: RHB Luis Sáenz 0-0: Ball
1-0: Foul Ball, location: 2F
1-1: Ball
2-1: Called Strike
2-2: Foul Ball, location: 2F
2-2: Fly out, F8 (Flyball, 8RD)
Runner from 3rd tags up, SCORES, no throw
Pitching: RHP Jim Unknown
Batting: RHB Walton Stephens 0-0: Ball
1-0: Called Strike
1-1: Foul Ball, location: 2F
1-2: Ball
2-2: Foul Ball, location: 2F
2-2: Foul Ball, location: 2F
2-2: Ground out 4-3 (Groundball, 4)
Top of the 9th over - 4 run(s), 5 hit(s), 0 error(s), 1 left on base; Bagley 10 - Naperville 9
BOTTOM OF THE 9TH
Naperville Battlekings batting - Pitching for Bagley Loons : RHP Jeremy Gutiérrez
Pitching: RHP Jeffrey Turner
Batting: RHB John Farrell 0-0: Ball
1-0: Called Strike
1-1: Ball
2-1: Ground out 6-3 (Groundball, 6M)
Batting: RHB Wayne Bannatyne 0-0: Ball
1-0: Ball
2-0: Ball
3-0: Base on Balls
Batting: LHB Cristo Ramírez 0-0: Called Strike
0-1: Fly out, F9 (Flyball, 89XD)
Batting: RHB Alfredo López 0-0: Called Strike
0-1: Foul Ball, location: 2F
0-2: Ball
Single, Error in OF, E7, batter to second base
Wayne Bannatyne to third
Batting: RHB Tony Sánchez 0-0: Swinging Strike
0-1: Ball
1-1: Fly out, F9 (Flyball, 89D)
Bottom of the 9th over - 0 run(s), 1 hit(s), 1 error(s), 2 left on base; Bagley 10 - Naperville 9
This league is powered by Out of the Park Baseball, the baseball management simulation game for PC, Mac and Linux
Saturday, February 27th, 2021 - OOTP Baseball 15.6 Build 34